Demolitions vs Loups

Created - 2 novembre 2012 at 20:16

Simulating a Pre-Season

Goals
1 2 3 T
Demolitions 0 0 2 2
Loups 1 1 1 3
Shots
1 2 3 T
Demolitions 0 5 21 26
Loups 7 5 12 24

1st period

1. Loups , Joel Ward 3 (Zenon Konopka, Garnet Exelby) at 19:32

Penalties :
Sheldon Brookbank (Tou) for Hooking (Minor) at 0:13, Troy Brouwer (Tou) for Roughing (Double Minor) at 10:07

2nd period

2. Loups , Eric Godard 1 (Steve Kariya, Jonathan Tremblay) at 17:43

Penalties :
Zbynek Michalek (Tou) for Hooking (Minor) at 0:20, Jeremy Williams (Vic) for High sticking (Minor) at 10:01, Benn Ferriero (Tou) for Holding (Minor) at 12:09

3rd period

3. Demolitions , Nikolai Zherdev 3 (Chris Campoli, Jiri Hudler) at 1:21 (PP)
4. Loups , Jakub Voracek 1 (Nigel Dawes, Darroll Powe) at 2:10
5. Demolitions , Nikolai Zherdev 4 (Jiri Hudler, Daniel Paille) at 5:18

Penalties :
Sheldon Brookbank (Tou) for Hooking (Minor) at 0:35, Troy Brouwer (Tou) for Hooking (Minor) at 7:06, Jeremy Williams (Vic) for Roughing (Minor) at 7:06, Nikolai Zherdev (Vic) for Hooking (Minor) at 11:08, Darroll Powe (Tou) for Charging (Minor) at 19:14

Goalie Stats

Antero Niittymaki (Vic), 21 saves from 24 shots - (0,875), L, 2-2-0, 59:13 minutes
Michael Leighton (Tou), 24 saves from 26 shots - (0,923), W, 2-0-1, 60:00 minutes

Players Stats for Demolitions

Player Name              G  A  P  +/- PIM S  H  SB GA TA FO     MP     PP MP  PK MP  
------------------------------------------------------------------------------------
Andy Rogers              0  0  0   0  0   0  0  1  0  3  0/0    18:48   5:36   1:33 
Anssi Salmela            0  0  0  -1  0   0  0  0  0  0  0/0     8:13   0:37   0:00 
Anthony Stewart          0  0  0   0  0   0  0  0  0  1  1/1    12:24   0:56   0:00 
Anton Babchuk            0  0  0  -1  0   0  0  1  0  0  0/0     9:23   0:25   0:00 
Brad Richardson          0  0  0   0  0   1  0  0  0  0  1/1    11:13   0:13   1:27 
Brandon Bochenski        0  0  0  -2  0   0  0  0  0  0  1/1    11:45   0:53   0:00 
Chris Campoli            0  1  1   0  0   3  1  0  1  0  0/0    24:56   5:37   2:25 
Daniel Paille            0  1  1   1  0   2  1  0  0  1  0/0    20:29   5:35   0:55 
Dennis Seidenberg        0  0  0   0  0   3  1  0  0  1  0/0    18:09   5:24   1:33 
Erik Christensen         0  0  0  -1  0   1  0  1  1  0  6/10   19:38   4:53   0:47 
James Sheppard           0  0  0  -2  0   1  3  1  0  0  1/2    11:05   0:00   0:45 
Jeff Woywitka            0  0  0   0  0   1  1  2  1  0  0/0    24:56   5:37   2:25 
Jeremy Williams          0  0  0  -1  4   5  4  1  1  0  0/0    18:48   4:53   0:00 
Jiri Hudler              0  2  2   1  0   2  4  1  1  0  13/31  24:36   5:42   2:19 
Kyle Wharton             0  0  0   0  0   0  0  0  0  0  0/0     0:00   0:00   0:00 
Marc-André Bernier       0  0  0   0  0   0  0  0  0  0  0/0     0:29   0:00   0:00 
Nikolai Zherdev          2  0  2   0  2   7  2  0  0  0  1/1    23:35   5:35   1:21 
Petr Vrana               0  0  0  -2  0   0  2  0  0  0  3/4    18:38   4:53   0:22 
Taylor Chorney           0  0  0  -1  0   0  0  0  0  0  0/0     9:59   0:26   0:00 
Vladimir Mihalik         0  0  0  -1  0   0  0  0  0  0  0/0     6:56   0:00   0:00 

Players Stats for Loups

Player Name              G  A  P  +/- PIM S  H  SB GA TA FO     MP     PP MP  PK MP  
------------------------------------------------------------------------------------
Aaron Rome               0  0  0   2  0   0  4  1  0  1  0/0    20:17   0:00   5:57 
Benn Ferriero            0  0  0   0  2   0  1  0  1  0  1/3    11:57   0:00   1:46 
Cody Almond              0  0  0   0  0   0  1  0  0  0  1/5     8:33   0:00   1:01 
Darroll Powe             0  1  1   1  2   3  0  0  0  0  15/31  20:50   2:20   5:09 
Eric Godard              1  0  1   0  0   1  2  0  0  1  0/0    11:56   0:09   3:31 
Garnet Exelby            0  1  1   2  0   1  1  0  0  0  0/0    20:39   1:47   4:29 
Jakub Voracek            1  0  1   1  0   1  2  0  0  0  0/0    14:58   2:11   0:00 
Jesse Joensuu            0  0  0   0  0   0  1  0  1  0  0/0     9:41   0:00   0:00 
Joel Ward                1  0  1   1  0   3  3  0  0  0  0/0    14:26   1:38   0:00 
Jonathan Tremblay        0  1  1   0  0   2  1  0  0  0  0/0     9:41   0:00   0:00 
Mike Weaver              0  0  0  -1  0   0  0  0  0  0  0/0    16:09   1:47   1:22 
Nigel Dawes              0  1  1   1  0   3  0  0  1  0  1/1    21:36   2:20   5:54 
Scott Lehman             0  0  0  -1  0   0  1  0  0  0  0/0    12:03   0:00   0:44 
Sheldon Brookbank        0  0  0   1  4   2  2  0  0  1  0/0    25:12   2:11   4:52 
Steve Kariya             0  1  1   0  0   2  2  0  0  0  0/0     9:39   0:00   2:02 
Troy Brouwer             0  0  0   1  6   2  1  1  2  0  1/1    14:17   1:38   0:00 
Zbynek Michalek          0  0  0   1  2   2  0  0  0  1  0/0    25:59   2:11   5:30 
Zenon Konopka            0  1  1   1  0   2  1  1  1  1  5/10   18:34   1:38   3:31 

3 Stars

1 - Nikolai Zherdev (Vic)
2 - Jiri Hudler (Vic)
3 - Joel Ward (Tou)

Power Play

Demolitions - 1 on 7 Attempt(s) - 14,29%
Loups - 0 on 2 Attempt(s) - 0,00%

Penalty Kill

Demolitions - 2 on 2 Attempt(s) - 100,00% - Score 0 goal in Penalty Kill
Loups - 6 on 7 Attempt(s) - 85,71% - Score 0 goal in Penalty Kill

Official

Referees : Joannette Marc and Furlatt Eric
Linesman : Tim Nowak and Lonnie Cameron

Game Notes

No Game Note

Demolitions

5 vs 5 Forward 
   Center                   Left Wing                Right Wing               Time % Phy DF OF 
 1 Jiri Hudler              Daniel Paille            Nikolai Zherdev          40     1   2  2  
 2 Erik Christensen         Petr Vrana               Jeremy Williams          30     1   2  2  
 3 Brad Richardson          Jiri Hudler              Anthony Stewart          20     1   2  2  
 4 James Sheppard           Nikolai Zherdev          Brandon Bochenski        10     1   2  2  

5 vs 5 Defense 
   Defense                  Defense                                           Time % Phy DF OF 
 1 Jeff Woywitka            Chris Campoli                                     40     1   2  2  
 2 Dennis Seidenberg        Andy Rogers                                       30     1   2  2  
 3 Taylor Chorney           Anton Babchuk                                     20     1   2  2  
 4 Vladimir Mihalik         Anssi Salmela                                     10     1   2  2  

PowerPlay Forward 
   Center                   Left Wing                Right Wing               Time % Phy DF OF 
 1 Jiri Hudler              Daniel Paille            Nikolai Zherdev          60     1   2  2  
 2 Erik Christensen         Petr Vrana               Jeremy Williams          40     1   2  2  

PowerPlay Defense
   Defense                  Defense                                           Time % Phy DF OF 
 1 Jeff Woywitka            Chris Campoli                                     60     1   2  2  
 2 Dennis Seidenberg        Andy Rogers                                       40     1   2  2  

Penalty Kill 4 Players Forward 
   Center                   Wing                     Time % Phy DF OF 
 1 Jiri Hudler              Nikolai Zherdev          60     1   2  2  
 2 Erik Christensen         Brad Richardson          40     1   2  2  

Penalty Kill 4 Players Defense
   Defense                  Defense                  Time % Phy DF OF 
 1 Jeff Woywitka            Chris Campoli            60     1   2  2  
 2 Dennis Seidenberg        Andy Rogers              40     1   2  2  

Penalty Kill - 3 Players Forward 
   Forward                                           Time % Phy DF OF 
 1 Jiri Hudler                                       60     1   2  2  
 2 Nikolai Zherdev                                   40     1   2  2  

Penalty Kill - 3 Players Defense
   Defense                  Defense                  Time % Phy DF OF 
 1 Jeff Woywitka            Chris Campoli            60     1   2  2  
 2 Dennis Seidenberg        Andy Rogers              40     1   2  2  

4 vs 4 Forward 
   Center                   Wing                     Time % Phy DF OF 
 1 Jiri Hudler              Nikolai Zherdev          60     1   2  2  
 2 Erik Christensen         Brad Richardson          40     1   2  2  

4 vs 4 Defense
   Defense                  Defense                  Time % Phy DF OF 
 1 Jeff Woywitka            Chris Campoli            60     1   2  2  
 2 Dennis Seidenberg        Andy Rogers              40     1   2  2  

Last Minutes Offensive
   Center                   Left Wing                Right Wing               Defense                  Defense                  
   Jiri Hudler              Daniel Paille            Nikolai Zherdev          Jeff Woywitka            Chris Campoli            

Last Minutes Defensive
   Center                   Left Wing                Right Wing               Defense                  Defense                  
   Jiri Hudler              Daniel Paille            Nikolai Zherdev          Jeff Woywitka            Chris Campoli            

Goaltenders
Starting : Antero Niittymaki        
Backup : Sergei Bobrovsky         

Extra Forwards
Normal : Anthony Stewart, Brandon Bochenski, James Sheppard - PP : Anthony Stewart, Brandon Bochenski - PK : James Sheppard
Extra Defensemen
Normal : Taylor Chorney, Anton Babchuk, Vladimir Mihalik - PP : Taylor Chorney - PK : Anton Babchuk, Vladimir Mihalik
Penalty Shots
Jiri Hudler, Nikolai Zherdev, Erik Christensen, Brad Richardson, Daniel Paille

Loups

5 vs 5 Forward 
   Center                   Left Wing                Right Wing               Time % Phy DF OF 
 1 Darroll Powe             Nigel Dawes              Jakub Voracek            34     1   2  2  
 2 Zenon Konopka            Troy Brouwer             Joel Ward                34     1   2  2  
 3 Benn Ferriero            Jesse Joensuu            Jonathan Tremblay        22     1   2  2  
 4 Cody Almond              Steve Kariya             Eric Godard              10     1   2  2  

5 vs 5 Defense 
   Defense                  Defense                                           Time % Phy DF OF 
 1 Zbynek Michalek          Sheldon Brookbank                                 40     1   2  2  
 2 Aaron Rome               Garnet Exelby                                     30     1   2  2  
 3 Mike Weaver              Scott Lehman                                      20     1   2  2  
 4 Zbynek Michalek          Sheldon Brookbank                                 10     1   2  2  

PowerPlay Forward 
   Center                   Left Wing                Right Wing               Time % Phy DF OF 
 1 Darroll Powe             Nigel Dawes              Jakub Voracek            60     1   1  3  
 2 Zenon Konopka            Troy Brouwer             Joel Ward                40     1   1  3  

PowerPlay Defense
   Defense                  Defense                                           Time % Phy DF OF 
 1 Zbynek Michalek          Sheldon Brookbank                                 60     1   1  3  
 2 Mike Weaver              Garnet Exelby                                     40     1   1  3  

Penalty Kill 4 Players Forward 
   Center                   Wing                     Time % Phy DF OF 
 1 Darroll Powe             Nigel Dawes              60     1   2  2  
 2 Zenon Konopka            Eric Godard              40     1   2  2  

Penalty Kill 4 Players Defense
   Defense                  Defense                  Time % Phy DF OF 
 1 Zbynek Michalek          Sheldon Brookbank        60     1   2  2  
 2 Aaron Rome               Garnet Exelby            40     1   2  2  

Penalty Kill - 3 Players Forward 
   Forward                                           Time % Phy DF OF 
 1 Darroll Powe                                      60     1   2  2  
 2 Nigel Dawes                                       40     1   2  2  

Penalty Kill - 3 Players Defense
   Defense                  Defense                  Time % Phy DF OF 
 1 Zbynek Michalek          Sheldon Brookbank        60     1   2  2  
 2 Aaron Rome               Garnet Exelby            40     1   2  2  

4 vs 4 Forward 
   Center                   Wing                     Time % Phy DF OF 
 1 Darroll Powe             Nigel Dawes              50     1   2  2  
 2 Zenon Konopka            Jakub Voracek            50     1   2  2  

4 vs 4 Defense
   Defense                  Defense                  Time % Phy DF OF 
 1 Zbynek Michalek          Sheldon Brookbank        60     1   2  2  
 2 Aaron Rome               Garnet Exelby            40     1   2  2  

Last Minutes Offensive
   Center                   Left Wing                Right Wing               Defense                  Defense                  
   Darroll Powe             Nigel Dawes              Eric Godard              Zbynek Michalek          Sheldon Brookbank        

Last Minutes Defensive
   Center                   Left Wing                Right Wing               Defense                  Defense                  
   Darroll Powe             Nigel Dawes              Eric Godard              Zbynek Michalek          Sheldon Brookbank        

Goaltenders
Starting : Michael Leighton         
Backup : Dany Sabourin            

Extra Forwards
Normal : Joel Ward, Jakub Voracek, Benn Ferriero - PP : Joel Ward, Nigel Dawes - PK : Benn Ferriero
Extra Defensemen
Normal : Mike Weaver, Aaron Rome, Sheldon Brookbank - PP : Mike Weaver - PK : Aaron Rome, Sheldon Brookbank
Penalty Shots
Eric Godard, Nigel Dawes, Darroll Powe, Steve Kariya, Joel Ward

% Time on Ice - Demolitions

Lines # - Real PCT - Wanted PCT - Time Play
Normal Forward
1 - 28% - 40% - 11:38
2 - 35% - 30% - 14:54
3 - 21% - 20% - 8:51
4 - 16% - 10% - 6:49
Normal Defense
1 - 38% - 40% - 15:58
2 - 25% - 30% - 10:25
3 - 21% - 20% - 8:53
4 - 16% - 10% - 6:56
PP Forward
1 - 57% - 60% - 6:34
2 - 43% - 40% - 4:53
PP Defense
1 - 53% - 60% - 6:03
2 - 47% - 40% - 5:24
PK Forward
1 - 84% - 60% - 3:20
2 - 16% - 40% - 0:38
PK Defense
1 - 61% - 60% - 2:25
2 - 39% - 40% - 1:33
PK3 Forward
1 - 0% - 60%
2 - 0% - 40%
PK3 Defense
1 - 0% - 60%
2 - 0% - 40%
44 Forward
1 - 78% - 60% - 1:33
2 - 22% - 40% - 0:26
44 Defense
1 - 61% - 60% - 1:12
2 - 39% - 40% - 0:47
Last Minute Offensive  - 0:24
Last Minute Defensive  - 0:00
Total
Forward - 60:00
Defense - 60:00

% Time on Ice - Loups

Lines # - Real PCT - Wanted PCT - Time Play
Normal Forward
1 - 29% - 34% - 12:03
2 - 31% - 34% - 12:53
3 - 23% - 22% - 9:41
4 - 18% - 10% - 7:32
Normal Defense
1 - 41% - 40% - 17:10
2 - 33% - 30% - 13:42
3 - 25% - 20% - 10:26
4 - 2% - 10% - 0:51
PP Forward
1 - 59% - 60% - 2:20
2 - 41% - 40% - 1:38
PP Defense
1 - 55% - 60% - 2:11
2 - 45% - 40% - 1:47
PK Forward
1 - 69% - 60% - 7:56
2 - 31% - 40% - 3:31
PK Defense
1 - 72% - 60% - 8:13
2 - 28% - 40% - 3:14
PK3 Forward
1 - 0% - 60%
2 - 0% - 40%
PK3 Defense
1 - 0% - 60%
2 - 0% - 40%
44 Forward
1 - 48% - 50% - 0:57
2 - 52% - 50% - 1:02
44 Defense
1 - 62% - 60% - 1:14
2 - 38% - 40% - 0:45
Last Minute Offensive  - 0:00
Last Minute Defensive  - 0:27
Total
Forward - 60:00
Defense - 60:00

Play by Play

1st period


0:01 of 1st period - Darroll Powe wins face-off versus Jiri Hudler in neutral zone.
0:04 of 1st period - Snap shot by Zbynek Michalek.
0:04 of 1st period - Shot Misses the Net.
0:06 of 1st period - Slapshot by Sheldon Brookbank.
0:06 of 1st period - Shot Blocked by Jeff Woywitka.
0:08 of 1st period - Snap shot by Sheldon Brookbank.
0:08 of 1st period - Deflect By Jiri Hudler.
0:08 of 1st period - Stopped by Antero Niittymaki without a rebound.
0:09 of 1st period - Nikolai Zherdev wins face-off versus Darroll Powe in Demolitions zone.
0:13 of 1st period - Minor Penalty to Sheldon Brookbank for Hooking.
0:14 of 1st period - Jiri Hudler wins face-off versus Darroll Powe in Loups zone.
1:04 of 1st period - Zenon Konopka is hit by Chris Campoli and loses puck.
2:13 of 1st period - Penalty to Sheldon Brookbank is over, Sheldon Brookbank is back on ice.
2:35 of 1st period - Slapshot by Jonathan Tremblay.
2:35 of 1st period - Stopped by Antero Niittymaki with a rebound.
3:17 of 1st period - Slapshot by Sheldon Brookbank.
3:17 of 1st period - Shot Misses the Net.
3:35 of 1st period - Jeff Woywitka is hit by Aaron Rome and loses puck.
4:28 of 1st period - Zenon Konopka is hit by Jeremy Williams and loses puck.
4:53 of 1st period - Anthony Stewart is hit by Eric Godard and loses puck.
5:32 of 1st period - Brandon Bochenski is hit by Jonathan Tremblay.
5:46 of 1st period - Wrist shot by Joel Ward.
5:46 of 1st period - Stopped by Antero Niittymaki without a rebound.
5:47 of 1st period - Troy Brouwer wins face-off versus Jiri Hudler in Demolitions zone.
6:42 of 1st period - Wrist shot by Brandon Bochenski.
6:42 of 1st period - Shot Misses the Net.
7:36 of 1st period - Anton Babchuk is hit by Aaron Rome and loses puck.
8:07 of 1st period - Aaron Rome is hit by James Sheppard and loses puck.
8:20 of 1st period - Snap shot by Garnet Exelby.
8:20 of 1st period - Shot Misses the Net.
8:22 of 1st period - Wrist shot by Zenon Konopka.
8:22 of 1st period - Stopped by Antero Niittymaki with a rebound.
8:24 of 1st period - Slapshot by Zenon Konopka.
8:24 of 1st period - Shot Misses the Net.
8:26 of 1st period - Wrist shot by Garnet Exelby.
8:26 of 1st period - Shot Misses the Net.
8:28 of 1st period - Backhand shot by Garnet Exelby.
8:28 of 1st period - Shot Misses the Net.
9:05 of 1st period - Icing by Zbynek Michalek.
9:06 of 1st period - Anthony Stewart wins face-off versus Darroll Powe in Loups zone.
9:39 of 1st period - Slapshot by Sheldon Brookbank.
9:39 of 1st period - Stopped by Antero Niittymaki with a rebound.
9:41 of 1st period - Wrist shot by Sheldon Brookbank.
9:41 of 1st period - Shot Blocked by Erik Christensen.
9:59 of 1st period - Snap shot by Nigel Dawes.
9:59 of 1st period - Stopped by Antero Niittymaki without a rebound.
10:00 of 1st period - Jiri Hudler wins face-off versus Zenon Konopka in Demolitions zone.
10:00 of 1st period - Jiri Hudler is hit by Aaron Rome.
10:07 of 1st period - Double Minor Penalty to Troy Brouwer for Roughing.
10:08 of 1st period - Nigel Dawes wins face-off versus Jiri Hudler in Loups zone.
10:08 of 1st period - Nigel Dawes is hit by Jeff Woywitka.
10:34 of 1st period - Sheldon Brookbank is hit by Jeremy Williams and loses puck.
11:47 of 1st period - Jeremy Williams is hit by Benn Ferriero and loses puck.
14:07 of 1st period - Penalty to Troy Brouwer is over, Troy Brouwer is back on ice.
14:31 of 1st period - Anssi Salmela is hit by Joel Ward and loses puck.
15:25 of 1st period - Brandon Bochenski is hit by Troy Brouwer.
16:30 of 1st period - Jiri Hudler is hit by Aaron Rome and loses puck.
17:09 of 1st period - Erik Christensen is hit by Scott Lehman and loses puck.
18:03 of 1st period - Anthony Stewart is hit by Steve Kariya and loses puck.
18:18 of 1st period - Dennis Seidenberg is hit by Jakub Voracek and loses puck.
18:45 of 1st period - Dennis Seidenberg is hit by Sheldon Brookbank.
18:55 of 1st period - Andy Rogers is hit by Sheldon Brookbank and loses puck.
19:32 of 1st period - Snap shot by Joel Ward.
19:32 of 1st period - Goal by Joel Ward - Demolitions : 0 - Loups : 1.
19:33 of 1st period - Jiri Hudler wins face-off versus Zenon Konopka in neutral zone.

2nd period


0:01 of 2nd period - Jiri Hudler wins face-off versus Darroll Powe in neutral zone.
0:04 of 2nd period - Sheldon Brookbank is hit by Nikolai Zherdev and loses puck.
0:15 of 2nd period - Wrist shot by Jiri Hudler.
0:15 of 2nd period - Shot Misses the Net.
0:20 of 2nd period - Minor Penalty to Zbynek Michalek for Hooking.
0:21 of 2nd period - Darroll Powe wins face-off versus Jiri Hudler in Loups zone.
0:28 of 2nd period - Wrist shot by Nigel Dawes.
0:28 of 2nd period - Stopped by Antero Niittymaki with a rebound.
0:46 of 2nd period - Sheldon Brookbank is hit by Petr Vrana and loses puck.
1:18 of 2nd period - Mike Weaver is hit by Jiri Hudler and loses puck.
1:30 of 2nd period - Off-side.
1:31 of 2nd period - Petr Vrana wins face-off versus Zenon Konopka in neutral zone.
2:20 of 2nd period - Penalty to Zbynek Michalek is over, Zbynek Michalek is back on ice.
3:19 of 2nd period - Anthony Stewart is hit by Joel Ward and loses puck.
4:48 of 2nd period - Slapshot by Garnet Exelby.
4:48 of 2nd period - Shot Misses the Net.
5:50 of 2nd period - Mike Weaver is hit by James Sheppard and loses puck.
6:31 of 2nd period - Scott Lehman is hit by Petr Vrana and loses puck.
6:52 of 2nd period - Wrist shot by Zenon Konopka.
6:52 of 2nd period - Shot Hit the Post.
7:46 of 2nd period - Snap shot by Joel Ward.
7:46 of 2nd period - Shot Misses the Net.
7:48 of 2nd period - Wrist shot by Zenon Konopka.
7:48 of 2nd period - Shot Misses the Net.
8:07 of 2nd period - Icing by Zbynek Michalek.
8:08 of 2nd period - Jiri Hudler wins face-off versus Cody Almond in Loups zone.
9:50 of 2nd period - Off-side.
9:51 of 2nd period - Petr Vrana wins face-off versus Cody Almond in neutral zone.
9:56 of 2nd period - Slapshot by Chris Campoli.
9:56 of 2nd period - Stopped by Michael Leighton without a rebound.
9:57 of 2nd period - Darroll Powe wins face-off versus Erik Christensen in Loups zone.
10:01 of 2nd period - Minor Penalty to Jeremy Williams for High sticking.
10:02 of 2nd period - Jiri Hudler wins face-off versus Darroll Powe in Demolitions zone.
10:46 of 2nd period - Off-side.
10:47 of 2nd period - Erik Christensen wins face-off versus Darroll Powe in neutral zone.
10:56 of 2nd period - Wrist shot by Erik Christensen.
10:56 of 2nd period - Stopped by Michael Leighton with a rebound.
10:58 of 2nd period - Slapshot by Dennis Seidenberg.
10:58 of 2nd period - Stopped by Michael Leighton without a rebound.
10:59 of 2nd period - Darroll Powe wins face-off versus Jiri Hudler in Loups zone.
11:06 of 2nd period - Backhand shot by Darroll Powe.
11:06 of 2nd period - Stopped by Antero Niittymaki with a rebound.
11:26 of 2nd period - Snap shot by Zenon Konopka.
11:26 of 2nd period - Shot Misses the Net.
12:01 of 2nd period - Penalty to Jeremy Williams is over, Jeremy Williams is back on ice.
12:09 of 2nd period - Minor Penalty to Benn Ferriero for Holding.
12:10 of 2nd period - Erik Christensen wins face-off versus Darroll Powe in Loups zone.
14:09 of 2nd period - Penalty to Benn Ferriero is over, Benn Ferriero is back on ice.
14:22 of 2nd period - Jesse Joensuu is hit by Dennis Seidenberg and loses puck.
14:37 of 2nd period - Taylor Chorney is hit by Joel Ward and loses puck.
14:56 of 2nd period - Brad Richardson is hit by Eric Godard and loses puck.
15:09 of 2nd period - Petr Vrana is hit by Jakub Voracek and loses puck.
15:28 of 2nd period - Snap shot by Jonathan Tremblay.
15:28 of 2nd period - Stopped by Antero Niittymaki with a rebound.
15:30 of 2nd period - Backhand shot by Benn Ferriero.
15:30 of 2nd period - Shot Blocked by James Sheppard.
15:44 of 2nd period - Slapshot by Troy Brouwer.
15:44 of 2nd period - Shot Misses the Net.
16:08 of 2nd period - Jeremy Williams is hit by Cody Almond and loses puck.
17:43 of 2nd period - Snap shot by Eric Godard.
17:43 of 2nd period - Goal by Eric Godard - Demolitions : 0 - Loups : 2.
17:44 of 2nd period - Darroll Powe wins face-off versus Jiri Hudler in neutral zone.
17:53 of 2nd period - Snap shot by Darroll Powe.
17:53 of 2nd period - Shot Misses the Net.
17:55 of 2nd period - Snap shot by Zbynek Michalek.
17:55 of 2nd period - Shot Misses the Net.
17:57 of 2nd period - Wrist shot by Zbynek Michalek.
17:57 of 2nd period - Stopped by Antero Niittymaki with a rebound.
18:09 of 2nd period - Sheldon Brookbank is hit by Jeremy Williams and loses puck.
18:53 of 2nd period - Slapshot by Anton Babchuk.
18:53 of 2nd period - Shot Misses the Net.
18:55 of 2nd period - Slapshot by Nikolai Zherdev.
18:55 of 2nd period - Shot Misses the Net.
18:57 of 2nd period - Wrist shot by James Sheppard.
18:57 of 2nd period - Deflect By Nikolai Zherdev.
18:57 of 2nd period - Stopped by Michael Leighton without a rebound.
18:58 of 2nd period - Erik Christensen wins face-off versus Darroll Powe in Loups zone.
19:07 of 2nd period - Snap shot by Erik Christensen.
19:07 of 2nd period - Shot Misses the Net.
19:49 of 2nd period - Wrist shot by Brad Richardson.
19:49 of 2nd period - Stopped by Michael Leighton without a rebound.
19:50 of 2nd period - Benn Ferriero wins face-off versus Erik Christensen in Loups zone.

3rd period


0:01 of 3rd period - Darroll Powe wins face-off versus Jiri Hudler in neutral zone.
0:04 of 3rd period - Snap shot by Jakub Voracek.
0:04 of 3rd period - Shot Misses the Net.
0:10 of 3rd period - Snap shot by Nigel Dawes.
0:10 of 3rd period - Shot Misses the Net.
0:12 of 3rd period - Snap shot by Darroll Powe.
0:12 of 3rd period - Stopped by Antero Niittymaki without a rebound.
0:13 of 3rd period - Jiri Hudler wins face-off versus Darroll Powe in Demolitions zone.
0:22 of 3rd period - Snap shot by Jiri Hudler.
0:22 of 3rd period - Shot Misses the Net.
0:24 of 3rd period - Snap shot by Jeff Woywitka.
0:24 of 3rd period - Deflect By Nikolai Zherdev.
0:24 of 3rd period - Stopped by Michael Leighton without a rebound.
0:25 of 3rd period - Darroll Powe wins face-off versus Jiri Hudler in Loups zone.
0:35 of 3rd period - Minor Penalty to Sheldon Brookbank for Hooking.
0:36 of 3rd period - Jiri Hudler wins face-off versus Darroll Powe in Loups zone.
0:47 of 3rd period - Snap shot by Daniel Paille.
0:47 of 3rd period - Stopped by Michael Leighton without a rebound.
0:48 of 3rd period - Jiri Hudler wins face-off versus Darroll Powe in Loups zone.
0:49 of 3rd period - Wrist shot by Nikolai Zherdev.
0:49 of 3rd period - Shot Misses the Net.
0:51 of 3rd period - Snap shot by Nikolai Zherdev.
0:51 of 3rd period - Shot Misses the Net.
0:53 of 3rd period - Slapshot by Jeff Woywitka.
0:53 of 3rd period - Shot Misses the Net.
0:55 of 3rd period - Wrist shot by Jeff Woywitka.
0:55 of 3rd period - Deflect By Nigel Dawes.
0:55 of 3rd period - Stopped by Michael Leighton with a rebound.
0:57 of 3rd period - Snap shot by Jiri Hudler.
0:57 of 3rd period - Stopped by Michael Leighton without a rebound.
0:58 of 3rd period - Darroll Powe wins face-off versus Jiri Hudler in Loups zone.
1:17 of 3rd period - Wrist shot by Jiri Hudler.
1:17 of 3rd period - Shot Blocked by Aaron Rome.
1:19 of 3rd period - Snap shot by Chris Campoli.
1:19 of 3rd period - Stopped by Michael Leighton with a rebound.
1:21 of 3rd period - Snap shot by Nikolai Zherdev.
1:21 of 3rd period - Goal by Nikolai Zherdev - Demolitions : 1 - Loups : 2.
1:22 of 3rd period - Jiri Hudler wins face-off versus Zenon Konopka in neutral zone.
1:33 of 3rd period - Slapshot by Troy Brouwer.
1:33 of 3rd period - Stopped by Antero Niittymaki with a rebound.
1:56 of 3rd period - Snap shot by Nigel Dawes.
1:56 of 3rd period - Stopped by Antero Niittymaki without a rebound.
1:57 of 3rd period - Petr Vrana wins face-off versus Darroll Powe in Demolitions zone.
2:06 of 3rd period - Snap shot by Jakub Voracek.
2:06 of 3rd period - Shot Misses the Net.
2:08 of 3rd period - Wrist shot by Jakub Voracek.
2:08 of 3rd period - Shot Blocked by Andy Rogers.
2:10 of 3rd period - Wrist shot by Nigel Dawes.
2:10 of 3rd period - Deflect By Jakub Voracek.
2:10 of 3rd period - Goal by Jakub Voracek - Demolitions : 1 - Loups : 3.
2:11 of 3rd period - Zenon Konopka wins face-off versus Jiri Hudler in neutral zone.
2:11 of 3rd period - Zenon Konopka is hit by Jiri Hudler.
2:23 of 3rd period - Wrist shot by Jiri Hudler.
2:23 of 3rd period - Shot Misses the Net.
2:25 of 3rd period - Slapshot by Chris Campoli.
2:25 of 3rd period - Deflect By Jiri Hudler.
2:25 of 3rd period - Shot Blocked by Zenon Konopka.
2:25 of 3rd period - Puck is out of play.
2:26 of 3rd period - Darroll Powe wins face-off versus Jiri Hudler in Loups zone.
3:18 of 3rd period - Snap shot by Steve Kariya.
3:18 of 3rd period - Stopped by Antero Niittymaki with a rebound.
3:20 of 3rd period - Wrist shot by Steve Kariya.
3:20 of 3rd period - Stopped by Antero Niittymaki without a rebound.
3:21 of 3rd period - Zenon Konopka wins face-off versus Jiri Hudler in Demolitions zone.
3:37 of 3rd period - Slapshot by Jiri Hudler.
3:37 of 3rd period - Stopped by Michael Leighton without a rebound.
3:38 of 3rd period - Darroll Powe wins face-off versus Erik Christensen in Loups zone.
3:50 of 3rd period - Slapshot by Petr Vrana.
3:50 of 3rd period - Shot Misses the Net.
4:45 of 3rd period - Icing by Jeff Woywitka.
4:46 of 3rd period - Brad Richardson wins face-off versus Cody Almond in Demolitions zone.
5:14 of 3rd period - Wrist shot by Nikolai Zherdev.
5:14 of 3rd period - Deflect By Daniel Paille.
5:14 of 3rd period - Stopped by Michael Leighton with a rebound.
5:16 of 3rd period - Wrist shot by Jiri Hudler.
5:16 of 3rd period - Shot Misses the Net.
5:18 of 3rd period - Slapshot by Nikolai Zherdev.
5:18 of 3rd period - Goal by Nikolai Zherdev - Demolitions : 2 - Loups : 3.
5:19 of 3rd period - Darroll Powe wins face-off versus Jiri Hudler in neutral zone.
6:09 of 3rd period - Snap shot by James Sheppard.
6:09 of 3rd period - Deflect By Nikolai Zherdev.
6:09 of 3rd period - Stopped by Michael Leighton without a rebound.
6:10 of 3rd period - James Sheppard wins face-off versus Darroll Powe in Loups zone.
6:13 of 3rd period - Snap shot by Nikolai Zherdev.
6:13 of 3rd period - Stopped by Michael Leighton with a rebound.
6:15 of 3rd period - Snap shot by James Sheppard.
6:15 of 3rd period - Stopped by Michael Leighton without a rebound.
6:16 of 3rd period - Darroll Powe wins face-off versus Jiri Hudler in Loups zone.
6:22 of 3rd period - Garnet Exelby is hit by Jiri Hudler and loses puck.
6:43 of 3rd period - Snap shot by Jeremy Williams.
6:43 of 3rd period - Stopped by Michael Leighton with a rebound.
6:45 of 3rd period - Slapshot by Jeremy Williams.
6:45 of 3rd period - Stopped by Michael Leighton without a rebound.
6:46 of 3rd period - Zenon Konopka wins face-off versus Petr Vrana in Loups zone.
7:06 of 3rd period - Minor Penalty to Troy Brouwer for Hooking.
7:06 of 3rd period - Minor Penalty to Jeremy Williams for Roughing.
7:07 of 3rd period - Darroll Powe wins face-off versus Jiri Hudler in Loups zone.
7:22 of 3rd period - Slapshot by Sheldon Brookbank.
7:22 of 3rd period - Shot Blocked by Jiri Hudler.
7:32 of 3rd period - Jiri Hudler is hit by Zenon Konopka and loses puck.
7:53 of 3rd period - Backhand shot by Erik Christensen.
7:53 of 3rd period - Shot Misses the Net.
7:55 of 3rd period - Slapshot by Chris Campoli.
7:55 of 3rd period - Deflect By Darroll Powe.
7:55 of 3rd period - Stopped by Michael Leighton with a rebound.
7:57 of 3rd period - Snap shot by Erik Christensen.
7:57 of 3rd period - Shot Hit the Post.
8:25 of 3rd period - Wrist shot by Brandon Bochenski.
8:25 of 3rd period - Shot Misses the Net.
9:00 of 3rd period - Joel Ward is hit by James Sheppard and loses puck.
9:06 of 3rd period - Penalty to Troy Brouwer is over, Troy Brouwer is back on ice.
9:06 of 3rd period - Penalty to Jeremy Williams is over, Jeremy Williams is back on ice.
9:09 of 3rd period - Snap shot by Daniel Paille.
9:09 of 3rd period - Shot Misses the Net.
9:11 of 3rd period - Snap shot by Jeremy Williams.
9:11 of 3rd period - Stopped by Michael Leighton with a rebound.
9:13 of 3rd period - Snap shot by Jeremy Williams.
9:13 of 3rd period - Shot Misses the Net.
9:15 of 3rd period - Wrist shot by Dennis Seidenberg.
9:15 of 3rd period - Stopped by Michael Leighton with a rebound.
9:17 of 3rd period - Snap shot by Daniel Paille.
9:17 of 3rd period - Deflect By Jeremy Williams.
9:17 of 3rd period - Shot Misses the Net.
9:17 of 3rd period - Puck is out of play.
9:18 of 3rd period - Erik Christensen wins face-off versus Cody Almond in Loups zone.
9:29 of 3rd period - Slapshot by Garnet Exelby.
9:29 of 3rd period - Stopped by Antero Niittymaki with a rebound.
9:31 of 3rd period - Slapshot by Garnet Exelby.
9:31 of 3rd period - Shot Misses the Net.
9:33 of 3rd period - Slapshot by Steve Kariya.
9:33 of 3rd period - Shot Blocked by Anton Babchuk.
9:43 of 3rd period - Jesse Joensuu is hit by Nikolai Zherdev and loses puck.
9:50 of 3rd period - Slapshot by Jiri Hudler.
9:50 of 3rd period - Shot Misses the Net.
9:52 of 3rd period - Wrist shot by Nikolai Zherdev.
9:52 of 3rd period - Shot Misses the Net.
10:12 of 3rd period - Wrist shot by Darroll Powe.
10:12 of 3rd period - Stopped by Antero Niittymaki without a rebound.
10:13 of 3rd period - Zenon Konopka wins face-off versus James Sheppard in Demolitions zone.
10:16 of 3rd period - Snap shot by Joel Ward.
10:16 of 3rd period - Stopped by Antero Niittymaki with a rebound.
10:35 of 3rd period - Wrist shot by Jeremy Williams.
10:35 of 3rd period - Stopped by Michael Leighton with a rebound.
10:37 of 3rd period - Wrist shot by Dennis Seidenberg.
10:37 of 3rd period - Deflect By Sheldon Brookbank.
10:37 of 3rd period - Stopped by Michael Leighton without a rebound.
10:38 of 3rd period - Darroll Powe wins face-off versus Erik Christensen in Loups zone.
10:38 of 3rd period - Darroll Powe is hit by Jeremy Williams.
10:51 of 3rd period - Off-side.
10:52 of 3rd period - Zenon Konopka wins face-off versus Jiri Hudler in neutral zone.
10:55 of 3rd period - Slapshot by Zbynek Michalek.
10:55 of 3rd period - Stopped by Antero Niittymaki without a rebound.
10:56 of 3rd period - Jiri Hudler wins face-off versus Zenon Konopka in Demolitions zone.
11:01 of 3rd period - Wrist shot by Zenon Konopka.
11:01 of 3rd period - Stopped by Antero Niittymaki with a rebound.
11:03 of 3rd period - Slapshot by Zbynek Michalek.
11:03 of 3rd period - Shot Blocked by Jeff Woywitka.
11:05 of 3rd period - Slapshot by Joel Ward.
11:05 of 3rd period - Shot Misses the Net.
11:07 of 3rd period - Snap shot by Troy Brouwer.
11:07 of 3rd period - Stopped by Antero Niittymaki without a rebound.
11:08 of 3rd period - Darroll Powe wins face-off versus Jiri Hudler in Demolitions zone.
11:08 of 3rd period - Minor Penalty to Nikolai Zherdev for Hooking.
11:09 of 3rd period - Jiri Hudler wins face-off versus Darroll Powe in Demolitions zone.
11:22 of 3rd period - Snap shot by Chris Campoli.
11:22 of 3rd period - Shot Misses the Net.
12:16 of 3rd period - Zenon Konopka is hit by Daniel Paille and loses puck.
12:35 of 3rd period - Brad Richardson is hit by Garnet Exelby.
13:08 of 3rd period - Penalty to Nikolai Zherdev is over, Nikolai Zherdev is back on ice.
13:29 of 3rd period - Wrist shot by Nikolai Zherdev.
13:29 of 3rd period - Shot Misses the Net.
13:31 of 3rd period - Snap shot by Nikolai Zherdev.
13:31 of 3rd period - Shot Misses the Net.
15:03 of 3rd period - Wrist shot by Eric Godard.
15:03 of 3rd period - Shot Blocked by Jeremy Williams.
16:06 of 3rd period - Snap shot by Anthony Stewart.
16:06 of 3rd period - Shot Blocked by Troy Brouwer.
16:37 of 3rd period - Nikolai Zherdev is hit by Steve Kariya and loses puck.
17:00 of 3rd period - Icing by James Sheppard.
17:01 of 3rd period - Brandon Bochenski wins face-off versus Darroll Powe in Demolitions zone.
17:24 of 3rd period - Nikolai Zherdev is hit by Jesse Joensuu and loses puck.
18:56 of 3rd period - Slapshot by Chris Campoli.
18:56 of 3rd period - Shot Misses the Net.
19:07 of 3rd period - Eric Godard is hit by Jiri Hudler and loses puck.
19:11 of 3rd period - Icing by Scott Lehman.
19:12 of 3rd period - Jiri Hudler wins face-off versus Darroll Powe in Loups zone.
19:13 of 3rd period - Demolitions, Antero Niittymaki is pulled from the net.
19:14 of 3rd period - Minor Penalty to Darroll Powe for Charging.
19:15 of 3rd period - Erik Christensen wins face-off versus Benn Ferriero in Loups zone.
19:20 of 3rd period - Wrist shot by Jeremy Williams.
19:20 of 3rd period - Stopped by Michael Leighton with a rebound.
19:22 of 3rd period - Wrist shot by Andy Rogers.
19:22 of 3rd period - Deflect By Petr Vrana.
19:22 of 3rd period - Shot Misses the Net.
19:22 of 3rd period - Puck is out of play.
19:23 of 3rd period - John MacLean call a timeout for Demolitions.
19:23 of 3rd period - Erik Christensen wins face-off versus Benn Ferriero in Loups zone.
19:56 of 3rd period - Slapshot by Nikolai Zherdev.
19:56 of 3rd period - Stopped by Michael Leighton without a rebound.
19:57 of 3rd period - Cody Almond wins face-off versus Jiri Hudler in Loups zone.


Output by the SimonT Hockey Simulator (STHS) for François Prévost -- Original Page W3C XHTML 1.0 Valid
Hockey Simulator - Hockey Simulation - Hockey Manager